| TOP OF THE 1ST |
|
London Majors batting - Pitching for Windy City ThunderBolts : RHP Ruben Castro
|
|
Pitching: RHP Ruben Castro
|
|
|
Batting: RHB Luis Gomez
|
0-0: Called Strike 0-1: Swinging Strike 0-2: Ball 1-2: Ball 2-2: Ground out 6-3 (Groundball, 6M, EV 86.3 MPH)
|
|
Batting: RHB Brock Van Gilder
|
0-0: Foul Ball, location: 2F 0-1: Ball 1-1: Foul Ball, location: 2F 1-2: Strikes out swinging
|
|
Batting: RHB Frank Caulfield
|
0-0: Swinging Strike 0-1: DOUBLE (Line Drive, 7LM, EV 89.4 MPH)
|
|
Batting: LHB Kurt Estep
|
0-0: Ball 1-0: Ball 2-0: Ball 3-0: Base on Balls
|
|
Batting: RHB Bill Murray
|
0-0: Ball 1-0: Called Strike 1-1: Ball 2-1: SINGLE (Groundball, 6MD, EV 101.3 MPH) Frank Caulfield to third Kurt Estep to second Runner from 3rd tries for Home, SAFE, throw by CF to home
|
|
Batting: RHB Dan Muns
|
0-0: Foul Ball, location: 2F 0-1: Ball 1-1: Ball 2-1: DOUBLE (Flyball, 8RD, EV 85.6 MPH) Kurt Estep scores Bill Murray to third
|
|
Batting: LHB Eric Toney
|
0-0: Called Strike 0-1: Ball 1-1: Foul Ball, location: 2F 1-2: Foul Ball, location: 2F 1-2: Ball 2-2: Foul Ball, location: 2F 2-2: Foul Ball, location: 2F 2-2: Foul Ball, location: 2F 2-2: Foul Ball, location: 2F 2-2: Strikes out swinging
|
| Top of the 1st over - 2 runs, 3 hits, 0 errors, 2 left on base; London 2 - Windy City 0 |
| BOTTOM OF THE 1ST |
|
Windy City ThunderBolts batting - Pitching for London Majors : RHP Philip Sonnichsen
|
|
Pitching: RHP Philip Sonnichsen
|
|
|
Batting: LHB Adam Tarbutton
|
0-0: Fly out, F9 (Flyball, 9, EV 92.5 MPH)
|
|
Batting: LHB Matt Hyde
|
0-0: Ball 1-0: Called Strike 1-1: Ball 2-1: Ball 3-1: Base on Balls
|
|
Batting: LHB Larry Myers
|
0-0: Swinging Strike 0-1: Ball Matt Hyde is caught stealing 2nd base 2-6 1-1: Ball 2-1: Swinging Strike 2-2: Ground out 5-3 (Groundball, 5S, EV 91.3 MPH)
|
| Bottom of the 1st over - 0 runs, 0 hits, 0 errors, 0 left on base; London 2 - Windy City 0 |
| TOP OF THE 2ND |
|
London Majors batting - Pitching for Windy City ThunderBolts : RHP Ruben Castro
|
|
Batting: RHB Terry Plumley
|
0-0: Fly out, F8 (Line Drive, 8RD, EV 103.1 MPH)
|
|
Batting: RHB Bobby Roldan
|
0-0: Ball 1-0: Foul Ball, location: 2F 1-1: Ball 2-1: Foul Ball, location: 2F 2-2: Ball 3-2: Strikes out looking
|
|
Batting: RHB Luis Gomez
|
0-0: Ball 1-0: Ball 2-0: Ball 3-0: Base on Balls
|
|
Batting: RHB Brock Van Gilder
|
0-0: Ball Luis Gomez steals 2nd base 1-0: Foul Ball, location: 2F 1-1: Foul Ball, location: 2F 1-2: Strikes out swinging
|
| Top of the 2nd over - 0 runs, 0 hits, 0 errors, 1 left on base; London 2 - Windy City 0 |
| BOTTOM OF THE 2ND |
|
Windy City ThunderBolts batting - Pitching for London Majors : RHP Philip Sonnichsen
|
|
Batting: LHB Justin Stickney
|
0-0: Ball 1-0: Foul Ball, location: 2F 1-1: Called Strike 1-2: Ball 2-2: Ball 3-2: Foul Ball, location: 2F 3-2: Foul Ball, location: 2F 3-2: Base on Balls
|
|
Batting: RHB Mike Rosa
|
0-0: Ball 1-0: Ball 2-0: Ball 3-0: Called Strike 3-1: Foul Ball, location: 2F 3-2: Strikes out swinging
|
|
Batting: RHB Josiah Wright
|
0-0: Fly out, F9 (Line Drive, 9D, EV 98.8 MPH)
|
|
Batting: LHB Evan Oliveri
|
0-0: Ball 1-0: Foul Ball, location: 2F 1-1: Ground out 4-3 (Groundball, 4, EV 86.3 MPH)
|
| Bottom of the 2nd over - 0 runs, 0 hits, 0 errors, 1 left on base; London 2 - Windy City 0 |
| TOP OF THE 3RD |
|
London Majors batting - Pitching for Windy City ThunderBolts : RHP Ruben Castro
|
|
Batting: RHB Frank Caulfield
|
0-0: Fly out, F9 (Line Drive, 9D, EV 85.6 MPH)
|
|
Batting: LHB Kurt Estep
|
0-0: Ball 1-0: Ball 2-0: Foul Ball, location: 2F 2-1: Fly out, F5 (Popup, 56, EV 64.4 MPH)
|
|
Batting: RHB Bill Murray
|
0-0: Ground out 5-3 (Groundball, 5, EV 85.0 MPH)
|
| Top of the 3rd over - 0 runs, 0 hits, 0 errors, 0 left on base; London 2 - Windy City 0 |
| BOTTOM OF THE 3RD |
|
Windy City ThunderBolts batting - Pitching for London Majors : RHP Philip Sonnichsen
|
|
Batting: LHB Eddie Reyes
|
0-0: Called Strike 0-1: Ball 1-1: TRIPLE (Flyball, 89XD, EV 87.5 MPH)
|
|
Batting: SHB Alfie Bungledorf
|
0-0: Ground out 5-3 (Groundball, 56, EV 91.3 MPH) Eddie Reyes scores
|
|
Batting: LHB Adam Tarbutton
|
0-0: Foul Ball, location: 2F 0-1: Ball 1-1: Foul Ball, location: 2F 1-2: Ground out 1-3 (Groundball, 13S, EV 66.9 MPH)
|
|
Batting: LHB Matt Hyde
|
0-0: Called Strike 0-1: Ball 1-1: Fly out, F4 (Flyball, 4D, EV 84.4 MPH)
|
| Bottom of the 3rd over - 1 run, 1 hit, 0 errors, 0 left on base; London 2 - Windy City 1 |
| TOP OF THE 4TH |
|
London Majors batting - Pitching for Windy City ThunderBolts : RHP Ruben Castro
|
|
Batting: RHB Dan Muns
|
0-0: Called Strike 0-1: Ball 1-1: Ball 2-1: Ground out 5-3 (Groundball, 5S, EV 88.8 MPH)
|
|
Batting: LHB Eric Toney
|
0-0: Foul Ball, location: 2F 0-1: Called Strike 0-2: Strikes out swinging
|
|
Batting: RHB Terry Plumley
|
0-0: Foul Ball, location: 2F 0-1: Ball 1-1: Called Strike 1-2: Foul Ball, location: 2F 1-2: Foul Ball, location: 2F 1-2: Strikes out swinging
|
| Top of the 4th over - 0 runs, 0 hits, 0 errors, 0 left on base; London 2 - Windy City 1 |
| BOTTOM OF THE 4TH |
|
Windy City ThunderBolts batting - Pitching for London Majors : RHP Philip Sonnichsen
|
|
Batting: LHB Larry Myers
|
0-0: Ball 1-0: Ball 2-0: Called Strike 2-1: Swinging Strike 2-2: Ball 3-2: Base on Balls
|
|
Batting: LHB Justin Stickney
|
0-0: Ball 1-0: Fly out, F8 (Line Drive, 8RD, EV 94.4 MPH)
|
|
Batting: RHB Mike Rosa
|
0-0: Ball 1-0: Foul Ball, location: 2F 1-1: Ball 2-1: Fly out, F8 (Flyball, 8LD, EV 87.5 MPH)
|
|
Batting: RHB Josiah Wright
|
0-0: Called Strike 0-1: Ball 1-1: Called Strike 1-2: Strikes out swinging
|
| Bottom of the 4th over - 0 runs, 0 hits, 0 errors, 1 left on base; London 2 - Windy City 1 |
| TOP OF THE 5TH |
|
London Majors batting - Pitching for Windy City ThunderBolts : RHP Ruben Castro
|
|
Batting: RHB Bobby Roldan
|
0-0: Ball 1-0: Called Strike 1-1: Called Strike 1-2: Ball 2-2: Strikes out swinging
|
|
Batting: RHB Luis Gomez
|
0-0: Called Strike 0-1: Ball 1-1: Foul Ball, location: 2F 1-2: Foul Ball, location: 2F 1-2: Ball 2-2: Fly out, F8 (Flyball, 89S, EV 86.3 MPH)
|
|
Batting: RHB Brock Van Gilder
|
0-0: Swinging Strike 0-1: Ball 1-1: Ground out 6-3 (Groundball, 6, EV 95.0 MPH)
|
| Top of the 5th over - 0 runs, 0 hits, 0 errors, 0 left on base; London 2 - Windy City 1 |
| BOTTOM OF THE 5TH |
|
Windy City ThunderBolts batting - Pitching for London Majors : RHP Philip Sonnichsen
|
|
Batting: LHB Evan Oliveri
|
0-0: Called Strike 0-1: Ball 1-1: Ball 2-1: SINGLE (Line Drive, 8LS, EV 101.9 MPH)
|
|
Batting: LHB Eddie Reyes
|
0-0: Foul Ball, location: 2F 0-1: DOUBLE (Line Drive, 89D, EV 106.3 MPH) Evan Oliveri to third
|
|
Batting: SHB Alfie Bungledorf
|
0-0: Called Strike 0-1: SINGLE (Flyball, 4D, EV 93.8 MPH) Evan Oliveri scores Eddie Reyes to third
|
|
Batting: LHB Adam Tarbutton
|
0-0: Called Strike 0-1: Foul Ball, location: 2F 0-2: Foul Ball, location: 2F 0-2: Ball 1-2: Ball 2-2: Ball 3-2: 3-RUN HOME RUN (Flyball, 78XD, EV 109.4 MPH), Distance : 410 ft
|
|
Pitching: LHP Mike Oakes
|
|
|
Batting: LHB Matt Hyde
|
0-0: Called Strike 0-1: Foul Ball, location: 2F 0-2: Foul Ball, location: 2F 0-2: Strikes out swinging
|
|
Batting: LHB Larry Myers
|
0-0: Foul Ball, location: 2F 0-1: Ground out 6-3 (Groundball, 6M, EV 84.4 MPH)
|
|
Batting: LHB Justin Stickney
|
0-0: Ball 1-0: SINGLE (Groundball, 25, EV 75.0 MPH) (infield hit)
|
|
Batting: RHB Mike Rosa
|
0-0: Swinging Strike 0-1: Ball 1-1: Ground out U3 (Groundball, 34S, EV 90.6 MPH)
|
| Bottom of the 5th over - 4 runs, 5 hits, 0 errors, 1 left on base; London 2 - Windy City 5 |
| TOP OF THE 6TH |
|
London Majors batting - Pitching for Windy City ThunderBolts : RHP Ruben Castro
|
|
Batting: RHB Frank Caulfield
|
0-0: Ball 1-0: Swinging Strike 1-1: Called Strike 1-2: SINGLE (Line Drive, 89S, EV 110.0 MPH)
|
|
Batting: LHB Kurt Estep
|
0-0: Ball Frank Caulfield steals 2nd base 1-0: Ball 2-0: Ball 3-0: Called Strike 3-1: Foul Ball, location: 2F 3-2: Fly out, F7 (Flyball, 7D, EV 100.6 MPH)
|
|
Batting: RHB Bill Murray
|
0-0: Ball 1-0: Called Strike 1-1: Foul Ball, location: 2F 1-2: Ball 2-2: Strikes out looking
|
|
Batting: RHB Dan Muns
|
0-0: Swinging Strike 0-1: Swinging Strike 0-2: Ball 1-2: Ball 2-2: Ball 3-2: Strikes out looking
|
| Top of the 6th over - 0 runs, 1 hit, 0 errors, 1 left on base; London 2 - Windy City 5 |
| BOTTOM OF THE 6TH |
|
Windy City ThunderBolts batting - Pitching for London Majors : LHP Mike Oakes
|
|
Batting: RHB Josiah Wright
|
0-0: Swinging Strike 0-1: Foul Ball, location: 2F 0-2: Ball 1-2: Strikes out looking
|
|
Batting: LHB Evan Oliveri
|
0-0: Foul Ball, location: 2F 0-1: Fly out, F8 (Flyball, 8RXD, EV 95.6 MPH)
|
|
Batting: LHB Eddie Reyes
|
0-0: Called Strike 0-1: Swinging Strike 0-2: Strikes out looking
|
| Bottom of the 6th over - 0 runs, 0 hits, 0 errors, 0 left on base; London 2 - Windy City 5 |
| TOP OF THE 7TH |
|
London Majors batting - Pitching for Windy City ThunderBolts : RHP Ruben Castro
|
|
Batting: LHB Eric Toney
|
0-0: Called Strike 0-1: Hit by Pitch
|
|
Batting: RHB Terry Plumley
|
0-0: Called Strike 0-1: Ball 1-1: Ball 2-1: Fly out, F7 (Flyball, 7D, EV 98.1 MPH)
|
|
Pitching: LHP Juan Medrano
|
|
|
Pinch Hitting: RHB Stephen Casteel
|
0-0: Foul Ball, location: 2F 0-1: DOUBLE (Line Drive, 8LD, EV 106.3 MPH) Eric Toney to third
|
|
Batting: RHB Luis Gomez
|
0-0: Fly out, F8 (Flyball, 8RD, EV 105.0 MPH) Runner from 3rd tags up, SCORES, throw by CF Stephen Casteel to third
|
|
Batting: RHB Brock Van Gilder
|
0-0: Foul Ball, location: 2F 0-1: Ball 1-1: Foul Ball, location: 2F 1-2: Strikes out swinging
|
| Top of the 7th over - 1 run, 1 hit, 0 errors, 1 left on base; London 3 - Windy City 5 |
| BOTTOM OF THE 7TH |
|
Windy City ThunderBolts batting - Pitching for London Majors : LHP Mike Oakes
|
|
Pitching: LHP Mike Hayden
|
|
|
Now at 2B: Stephen Casteel
|
|
|
Now at SS: Frank Caulfield
|
|
|
Batting: SHB Alfie Bungledorf
|
0-0: Called Strike 0-1: Ball 1-1: Ball 2-1: Fly out, F9 (Flyball, 9, EV 91.3 MPH)
|
|
Batting: LHB Adam Tarbutton
|
0-0: Called Strike 0-1: Ball 1-1: Foul Ball, location: 2F 1-2: Foul Ball, location: 2F 1-2: SOLO HOME RUN (Line Drive, 9D, EV 98.8 MPH), Distance : 386 ft
|
|
Batting: LHB Matt Hyde
|
0-0: Foul Ball, location: 2F 0-1: Ball 1-1: Called Strike 1-2: Strikes out swinging
|
|
Batting: LHB Larry Myers
|
0-0: Swinging Strike 0-1: Ball 1-1: Ball 2-1: Ball 3-1: Swinging Strike 3-2: Foul Ball, location: 2F 3-2: Strikes out looking
|
| Bottom of the 7th over - 1 run, 1 hit, 0 errors, 0 left on base; London 3 - Windy City 6 |
| TOP OF THE 8TH |
|
London Majors batting - Pitching for Windy City ThunderBolts : LHP Juan Medrano
|
|
Batting: RHB Frank Caulfield
|
0-0: Called Strike 0-1: Fly out, F6 (Popup, 6, EV 65.0 MPH)
|
|
Pinch Hitting: RHB Norm Mercer
|
0-0: Ball 1-0: Fly out, F9 (Flyball, 9LM, EV 97.5 MPH)
|
|
Batting: RHB Bill Murray
|
0-0: Called Strike 0-1: Ball 1-1: Foul Ball, location: 2F 1-2: Ball 2-2: Ground out 5-3 (Groundball, 56S, EV 69.4 MPH)
|
| Top of the 8th over - 0 runs, 0 hits, 0 errors, 0 left on base; London 3 - Windy City 6 |
| BOTTOM OF THE 8TH |
|
Windy City ThunderBolts batting - Pitching for London Majors : LHP Mike Hayden
|
|
Pitching: RHP Pat Powell
|
|
|
Now in CF: Mike Chamberlain
|
|
|
Batting: LHB Justin Stickney
|
0-0: Called Strike 0-1: Foul Ball, location: 2F 0-2: SINGLE (Line Drive, 4D, EV 96.9 MPH)
|
|
Batting: RHB Mike Rosa
|
0-0: Called Strike 0-1: Ball 1-1: Ball 2-1: Ball 3-1: Foul Ball, location: 2F 3-2: Base on Balls Justin Stickney to second
|
|
Batting: RHB Josiah Wright
|
0-0: Foul Ball, location: 2F 0-1: Foul Ball, location: 2F 0-2: Ball 1-2: Foul Ball, location: 2F 1-2: Ball 2-2: Fly out, F8 (Flyball, 8RD, EV 95.0 MPH)
|
|
Batting: LHB Evan Oliveri
|
0-0: Ball 1-0: Fly out, F9 (Flyball, 9S, EV 75.6 MPH)
|
|
Batting: LHB Eddie Reyes
|
0-0: Ball 1-0: Called Strike 1-1: Swinging Strike 1-2: Foul Ball, location: 2F 1-2: Strikes out swinging
|
| Bottom of the 8th over - 0 runs, 1 hit, 0 errors, 2 left on base; London 3 - Windy City 6 |
| TOP OF THE 9TH |
|
London Majors batting - Pitching for Windy City ThunderBolts : LHP Juan Medrano
|
|
Pitching: RHP Caleb Westbay
|
|
|
Batting: RHB Dan Muns
|
0-0: Called Strike 0-1: Ball 1-1: Called Strike 1-2: Ball 2-2: Strikes out looking
|
|
Batting: LHB Eric Toney
|
0-0: Called Strike 0-1: Ball 1-1: Ball 2-1: Called Strike 2-2: Ball 3-2: Foul Ball, location: 2F 3-2: Strikes out swinging
|
|
Batting: RHB Terry Plumley
|
0-0: Ball 1-0: Foul Ball, location: 2F 1-1: Ball 2-1: Ball 3-1: Base on Balls
|
|
Batting: RHB Stephen Casteel
|
0-0: Ball 1-0: Foul Ball, location: 2F 1-1: Foul Ball, location: 2F 1-2: Strikes out looking
|
| Top of the 9th over - 0 runs, 0 hits, 0 errors, 1 left on base; London 3 - Windy City 6 |
|